 Dungeon Crawl Stone Soup version 0.22-a0-274-gf8199ec (console) character file.

463 Duffy the Caller (level 6, -11/32 HPs)
             Began as a Deep Elf Summoner on Mar 14, 2018.
             Was an Initiate of Sif Muna.
             Mangled by a sun demon (16 damage)
             ... summoned by miscasting Summon Lightning Spire
             ... on level 5 of the Dungeon.
             The game lasted 00:09:22 (4835 turns).

Duffy the Caller (Deep Elf Summoner)                Turns: 4835, Time: 00:09:24

Health: -11/32     AC:  6    Str:  5    XL:     6   Next: 79%
Magic:  5/16       EV: 11    Int: 22    God:    Sif Muna [......]
Gold:   305        SH:  0    Dex: 15    Spells: 2/16 levels left

rFire    + . .     SeeInvis .   s - staff of wizardry
rCold    . . .     Gourm    .   (no shield)
rNeg     . . .     Faith    .   n - +1 leather armour {rF+}
rPois    .         Spirit   .   r - +1 helmet
rElec    .         Reflect  .   (no cloak)
rCorr    .         Harm     .   (no gloves)
MR       .....                  (no boots)
Stlth    +.........             (no amulet)
HPRegen  0.10/turn              (no ring)
MPRegen  0.15/turn              (no ring)

@: about to teleport, very slightly contaminated, heavily drained
A: no striking features
a: Renounce Religion


You were on level 5 of the Dungeon.
You worshipped Sif Muna.
Sif Muna was noncommittal.
You were not hungry.

You visited 2 branches of the dungeon, and saw 6 of its levels.

You collected 305 gold pieces.

Inventory:

Missiles
 k - 7 curare-tipped needles
Armour
 n - a +1 leather armour of fire resistance (worn)
 r - a +1 helmet (worn)
Magical Staves
 s - an uncursed staff of wizardry (weapon)
Jewellery
 l - an uncursed ring of fire
Scrolls
 a - a scroll of immolation
 d - 6 scrolls of teleportation
 i - 2 scrolls of remove curse
Potions
 b - 6 potions of curing
 e - 3 potions of heal wounds
 f - a potion of ambrosia {unknown}
 h - a potion of invisibility {unknown}
 j - 2 potions of mutation {unknown}
 m - a potion of cancellation {unknown}
 o - a potion of flight {unknown}
Comestibles
 c - 7 rations
 g - 3 chunks of flesh


   Skills:
 - Level 2.4(0.8) Dodging
 - Level 2.4(0.8) Stealth
 + Level 5.5(3.7) Spellcasting
 * Level 7.2(5.3) Summonings
 + Level 1.5(0.0) Ice Magic
 + Level 2.4(0.8) Air Magic


You had 2 spell levels left.
You knew the following spells:

 Your Spells              Type           Power        Failure   Level  Hunger
a - Summon Small Mammal   Summ           ####         1%          1    None
h - Call Imp              Summ           ####....     1%          2    #......
j - Call Canine Familiar  Summ           ####....     2%          3    ###....
k - Summon Ice Beast      Ice/Summ       ###.....     26%         4    ####...
l - Summon Lightning Spi  Summ/Air       ###.....     21%         4    ####...


Dungeon Overview and Level Annotations

Branches:
Dungeon (5/15)             Temple (1/1) D:5

Altars:
Ashenzari
Cheibriados
Dithmenos
Fedhas
Gozag
Hepliaklqana
Nemelex Xobeh
Okawaru
Ru
Sif Muna
Trog
Vehumet
Wu Jian
Xom
Yredelemnul


Message History

You miscast Summon Lightning Spire.
Wisps of vapour drift from your hands.
The centaur zombie hits you but does no damage.
Cast which spell? (? or * to list)
Aiming: Summon Lightning Spire (slightly dangerous; 21% risk of failure)
Press: ? - help, Dir - move target cursor You miscast Summon Lightning Spire.
Something forms from out of thin air!
The centaur zombie hits you.
The centaur zombie hits you but does no damage.
As you read the scroll of teleportation, it crumbles to dust.
You feel strangely unstable. The centaur zombie hits you.
The centaur zombie barely misses you.
You hit the centaur zombie.
The centaur zombie is lightly damaged.
The centaur zombie hits you. The sun demon hits you!
You are engulfed in flames!
You resist. The centaur zombie barely misses you.
You hit the centaur zombie but do no damage.
The centaur zombie is lightly damaged.
The sun demon hits you!
Ouch! That really hurt!
You die...

##########
.........#
########.#
#.#
#.#########
#.(.....3@#
#########Z#
#.# #..
##+. .. ..
...


You could see a sun demon and a centaur zombie.

Vanquished Creatures (collateral kills)
  The ghost of jaruokki the Quickloader, an amateur CeHu of Okawaru (D:5)
  A phantom (D:4)
  2 ogres
  A howler monkey (D:5)
  An orc priest (D:4)
  A hound (D:4)
  An orc wizard (D:5)
  An iguana (D:4)
  A worker ant (D:4)
  Robin (D:3)
  3 gnolls (D:4)
  5 adders
  2 oozes (D:3)
  An adder skeleton (D:4)
  4 worms
  3 dart slugs
  3 leopard geckos
  22 orcs
  9 bats
  3 giant cockroaches
  18 goblins
  12 hobgoblins
  6 jackals
  6 kobolds
  A quokka (D:2)
  A ball python (D:4)
  7 frilled lizards
  10 rats
127 creatures vanquished.

Notes
Turn   | Place    | Note
-------+----------+-------------------------------------------
     0 | D:1      | Duffy the Deep Elf Summoner began the quest for the Orb.
     0 | D:1      | Reached XP level 1. HP: 10/10 MP: 6/6
   495 | D:1      | Reached XP level 2. HP: 15/15 MP: 2/8
   499 | D:1      | Learned a level 2 spell: Call Imp
  1119 | D:1      | Reached skill level 5 in Summonings
  1523 | D:2      | Found an ornate altar of the Wu Jian Council.
  1852 | D:2      | Noticed an ogre
  1858 | D:2      | Reached XP level 3. HP: 18/19 MP: 3/10
  1892 | D:2      | Killed an ogre
  1892 | D:2      | Reached XP level 4. HP: 24/24 MP: 1/12
  1902 | D:2      | Learned a level 3 spell: Call Canine Familiar
  1907 | D:2      | Learned a level 4 spell: Summon Lightning Spire
  2626 | D:3      | Found a faded altar of an unknown god.
  3070 | D:3      | Noticed Robin
  3125 | D:3      | Killed Robin
  3125 | D:3      | Reached skill level 6 in Summonings
  3334 | D:3      | Reached skill level 1 in Air Magic
  3585 | D:4      | Noticed a phantom
  3596 | D:4      | Killed a phantom
  3596 | D:4      | Reached XP level 5. HP: 28/28 MP: 7/14
  3714 | D:4      | Noticed an ogre
  3725 | D:4      | Killed an ogre
  3727 | D:4      | Reached skill level 5 in Spellcasting
  3823 | D:4      | Learned a level 4 spell: Summon Ice Beast
  3950 | D:4      | Reached XP level 6. HP: 32/32 MP: 8/15
  4373 | D:5      | Entered Level 5 of the Dungeon
  4468 | D:5      | Noticed jaruokki's ghost (amateur CeHu)
  4477 | D:5      | Killed jaruokki's ghost
  4477 | D:5      | Reached skill level 7 in Summonings
  4477 | D:5      | Reached skill level 1 in Ice Magic
  4521 | D:5      | Found a staircase to the Ecumenical Temple.
  4537 | Temple   | Entered the Ecumenical Temple
  4644 | Temple   | Became a worshipper of Sif Muna the Loreminder
  4831 | D:5      | Noticed a sun demon
  4835 | D:5      | Mangled by a sun demon

Vault maps used:
D:1:      dpeg_arrival_renting
D:2:      minmay_diamond_boxcup, nicolae_overflow_crystal_walls
D:3:      chequers_ecumenical_altar_simple_redux, uniq_robin
D:4:      first_ration
D:5:      minmay_temple_entry_grid, nicolae_ossuary_entry_false_entrances
Temple:   regret_index_temple_mists

Skill      XL: |  1  2  3  4  5  6 |
---------------+-------------------+-----
Summonings     | 5 6 7 |  7.2
Spellcasting   | 4 5 |  5.5
Air Magic      | 1 2 |  2.4
Ice Magic      | 1 |  1.5
Dodging        | |  2.4
Stealth        | |  2.4

Action                   |  1- 3 |  4- 6 || total
-------------------------+-------+-------++-------
Melee: Unarmed           |       |     4 ||     4
       Staff             |       |     2 ||     2
 Cast: Summon Small Mamm |    25 |       ||    25
       Call Imp          |    36 |    30 ||    66
       Call Canine Famil |       |    13 ||    13
       Summon Lightning  |       |    12 ||    12
       Summon Ice Beast  |       |     2 ||     2
  Use: Scroll            |       |     9 ||     9
  Eat: Chunk             |     4 |    12 ||    16
Armor: Robe              |    10 |    12 ||    22
       Animal skin       |       |     1 ||     1
       Leather armour    |       |     2 ||     2
Dodge: Dodged            |    22 |    18 ||    40

Table legend:
 A = Spawn XP
 B = Non-spawn XP
 C = Spawn XP percentage of total XP
 D = Spawn monster count
 E = Non-spawn monster count
 F = Spawn count percentage of total count
 G = Total turns spent on level
                    A         B        C        D         E        F      G
               +---------+---------+-------+---------+---------+-------+---------
         Total |       0 |     662 |   0.0 |       0 |     127 |   0.0 |  4835
               +---------+---------+-------+---------+---------+-------+---------
           D:1 |       0 |      27 |   0.0 |       0 |      25 |   0.0 |  1360
           D:2 |       0 |     100 |   0.0 |       0 |      26 |   0.0 |  1266
           D:3 |       0 |      61 |   0.0 |       0 |      38 |   0.0 |   855
           D:4 |       0 |     258 |   0.0 |       0 |      23 |   0.0 |   892
           D:5 |       0 |     216 |   0.0 |       0 |      15 |   0.0 |   333
               +---------+---------+-------+---------+---------+-------+---------
